 Dungeon Crawl Stone Soup version 0.31.0-9-g3a7656b989 (webtiles) character file.

Game seed: 17397947040885302105

264 monsoonserge the Shooter (level 6, -2/46 HPs)
             Began as a Formicid Hexslinger on Jan 24, 2024.
             Engulfed by a steam dragon's steam (9 damage)
             ... on level 4 of the Dungeon.
             The game lasted 00:07:18 (2141 turns).

monsoonserge the Shooter (Formicid Hexslinger)      Turns: 2141, Time: 00:07:20

Health: -2/46      AC:  9    Str: 13    XL:     6   Next: 43%
Magic:  7/8        EV: 11    Int: 14    God:
Gold:   164        SH:  0    Dex: 16    Spells: 5/7 levels left

rFire   . . .        m - +3 sling of Sloth {elec, rElec}
rCold   . . .        (no shield)
rNeg    . . .        o - +4 ring mail
rPois   .            (helmet unavailable)
rElec   +            (no cloak)
rCorr   .            (no gloves)
SInv    +            (no boots)
Will    .....        (no amulet)
Stlth   +            (no ring)
HPRegen 0.27/turn    (no ring)
MPRegen 0.11/turn

%: no passive effects
@: no status effects
A: permanent stasis, dig shafts and tunnels, antennae 3, four strong arms
a: Dig, Shaft Self


You were on level 4 of the Dungeon.
You visited 1 branch of the dungeon, and saw 4 of its levels.

You collected 164 gold pieces.

Inventory:

Hand Weapons
 m - the +3 sling of Sloth (weapon) {elec, rElec}
   (You found it on level 2 of the Dungeon)

   rElec:     It insulates you from electricity.
Missiles
 f - 2 datura-tipped darts
Armour
 o - a +4 ring mail (worn)
Jewellery
 j - an amulet of regeneration
 n - an amulet of faith
Wands
 c - a wand of flame (18)
Scrolls
 a - 5 scrolls of identify {unknown}
 b - a scroll of poison
 g - 3 scrolls of teleportation {unknown}
 k - a scroll of fear {unknown}
 l - 4 scrolls of immolation {unknown}
Potions
 d - a potion of brilliance {unknown}
 e - a potion of berserk rage {unknown}
 h - 2 potions of curing
 i - a potion of cancellation {unknown}
 p - a potion of enlightenment {unknown}


   Skills:
 + Level 2.5 Fighting
 + Level 4.6 Ranged Weapons
 * Level 2.1 Armour
 + Level 2.3 Dodging
 + Level 1.7 Stealth
 + Level 1.3 Spellcasting
 + Level 3.9 Hexes
 + Level 1.0 Fire Magic


You had 5 spell levels left.
You knew the following spells:

 Your Spells              Type           Power      Damage    Failure   Level
a - Jinxbite              Hex            24%        N/A       16%         2

Your spell library contained the following spells:

 Spells                   Type           Power      Damage    Failure   Level
 Sigil of Binding         Hex            12%        N/A       32%         3
 Inner Flame              Hex/Fire       7%         N/A       52%         3
 Lesser Beckoning         Tloc           0%         N/A       63%         2
 Cause Fear               Hex            6%         N/A       71%         4
 Gell's Gravitas          Tloc           0%         N/A       85%         3
 Teleport Other           Tloc           0%         N/A       85%         3
 Dimensional Bullseye     Hex/Tloc       3%         N/A       94%         4


Dungeon Overview and Level Annotations

Branches:
Dungeon (4/15)
 Temple: D:4-7

Altars:


Innate Abilities, Weirdness & Mutations

You cannot be hasted, slowed, berserked, paralysed or teleported.
You can dig through walls and to a lower floor.
You have a pair of large antennae on your head. (SInv)
Your four strong arms can wield two-handed weapons with a shield.


Message History

You shoot a sling bullet.
The sling bullet hits the steam dragon but does no damage.
Lightning courses through the steam dragon!
The steam dragon is heavily wounded.
The steam dragon closely misses you. The steam dragon barely misses you.
Fire: m) +3 sling of Sloth {elec, rElec}
Press: ? - help, Q - select action, (/) - cycle Shift-Dir - straight line, f/p - steam dragon
Aim: a steam dragon (heavily wounded, 64% to hit)
You shoot a sling bullet.
The sling bullet closely misses the steam dragon.
The steam dragon bites you.
The steam dragon claws you but does no damage.
The steam dragon closely misses you. The steam dragon misses you.
Fire: m) +3 sling of Sloth {elec, rElec}
Press: ? - help, Q - select action, (/) - cycle Shift-Dir - straight line, f/p - steam dragon
Aim: a steam dragon (heavily wounded, 64% to hit)
You shoot a sling bullet.
The sling bullet closely misses the steam dragon.
The steam dragon bites you.
* * * LOW HITPOINT WARNING * * *
The steam dragon closely misses you.
Your magical contamination has completely faded away.
Fire: m) +3 sling of Sloth {elec, rElec}
Press: ? - help, Q - select action, (/) - cycle Shift-Dir - straight line, f/p - steam dragon
Aim: a steam dragon (heavily wounded, 64% to hit)
You shoot a sling bullet. The sling bullet hits the steam dragon.
The steam dragon is severely wounded.
The steam dragon breathes steam at you. The ball of steam hits you.
* * * LOW HITPOINT WARNING * * *
The steam dragon attacks as it pursues you!
The steam dragon bites you but does no damage.
The steam dragon claws you but does no damage.
Fire: m) +3 sling of Sloth {elec, rElec}
Press: ? - help, Q - select action, (/) - cycle Shift-Dir - straight line, f/p - steam dragon
Aim: a steam dragon (severely wounded, catching its breath, 64% to hit)
You shoot a sling bullet. The sling bullet hits the steam dragon!
The steam dragon is almost dead.
You are engulfed in a cloud of scalding steam.
You die...

.. ..# #.##.#
#.##.###########
.####.##.#...(.....#
......##.#.#######.#
##...#.#.# #.#
#......#.# #.#
#.###...#.#.# #.#
#...§#@.....# #.#
#####§D###### #.# ##§#
#.# #'# #.# ...
###.### .....
#####...... .......
#.........## .........
.##......##
+.........+...........


You could see a steam dragon (catching breath).

Vanquished Creatures
  Sigmund (D:3)
  4 adders (D:2)
  A ribbon worm (D:2)
  3 dart slugs (D:3)
  2 orcs
  7 endoplasms
  3 giant cockroaches (D:1)
  4 hobgoblins
  3 jackals (D:2)
  3 quokkas
  4 ball pythons
  2 bats
  A frilled lizard (D:1)
  5 goblins
  6 kobolds
  6 rats
55 creatures vanquished.

Notes
Turn   | Place    | Note
-------+----------+-------------------------------------------
     0 | D:1      | monsoonserge the Formicid Hexslinger began the quest for
                  | the Orb.
     0 | D:1      | Reached XP level 1. HP: 15/15 MP: 2/2
   152 | D:1      | Reached XP level 2. HP: 21/21 MP: 3/3
   160 | D:1      | Learned a level 2 spell: Jinxbite
   847 | D:2      | Reached XP level 3. HP: 26/26 MP: 4/4
  1053 | D:2      | Reached skill level 3 in Ranged Weapons
  1124 | D:2      | Identified the +3 sling of Sloth {elec, rElec}
  1363 | D:2      | Reached skill level 1 in Stealth
  1363 | D:2      | Reached XP level 4. HP: 32/32 MP: 5/5
  1502 | D:2      | Found a faded altar of an unknown god.
  1790 | D:3      | Noticed Sigmund
  1802 | D:3      | Killed Sigmund
  1803 | D:3      | Reached skill level 4 in Ranged Weapons
  1803 | D:3      | Reached XP level 5. HP: 35/39 MP: 3/7
  1803 | D:3      | Reached XP level 6. HP: 42/46 MP: 3/8
  2128 | D:4      | Noticed a steam dragon
  2141 | D:4      | Engulfed by a steam dragon's steam

Illustrated notes

Levels and vault maps discovered:
D:1:      giann_horns, layout_basic, nicolae_the_louvre
D:2:      layout_loops_ring, basic_ecumenical_altar
D:3:      layout_rooms, uniq_sigmund
D:4:      layout_loops_corners, mainiacjoe_overflow_brackets,
          minmay_temple_entry_statues_fountains, minivault_11

Skill      XL: |  1  2  3  4 |
---------------+-------------+-----
Dodging        | 2 |  2.3
Ranged Weapons | 3 4 |  4.6
Stealth        | 1 |  1.7
Fighting       | 2 |  2.5
Armour         | 2 |  2.1
Spellcasting   | |  1.3
Hexes          | |  3.9
Fire Magic     | |  1.0

Action                     |  1- 3 |  4- 6 || total
---------------------------+-------+-------++-------
   Fire: Sling             |    82 |    77 ||   159
   Cast: Jinxbite          |     1 |     1 ||     2
Ability: Dig               |     4 |       ||     4
    Use: Potion            |       |     1 ||     1
 Armour: Robe              |    19 |     2 ||    21
         Ring mail         |       |    59 ||    59
  Dodge: Dodged            |    23 |    46 ||    69
